 Dungeon Crawl Stone Soup version 0.28.0-43-g3370ac3207 (webtiles) character file.

Game seed: 4457766038788432478

45 sizableburger the Skirmisher (level 3, 0/23 HPs)
             Began as a Deep Elf Fighter on Mar 9, 2022.
             Slain by Natasha (2 damage)
             ... on level 2 of the Dungeon.
             The game lasted 00:03:09 (1741 turns).

sizableburger the Skirmisher (Deep Elf Fighter)     Turns: 1741, Time: 00:03:11

Health: 0/23       AC:  6    Str: 19    XL:     3   Next: 42%
Magic:  5/5        EV:  9    Int: 14    God:
Gold:   69         SH:  4    Dex: 14    Spells: 2/2 levels left

rFire   . . .      SeeInvis .   a - +0 long sword
rCold   . . .      Faith    .   c - +0 buckler
rNeg    . . .      Spirit   .   b - +0 scale mail
rPois   .          Reflect  .   (no helmet)
rElec   .          Harm     .   (no cloak)
rCorr   .          Rampage  .   (no gloves)
Will    .....                   (no boots)
Stlth   ..........              (no amulet)
HPRegen 0.07/turn               e - +6 ring of strength
MPRegen 0.09/turn               (no ring)

@: no status effects
A: no striking features
a: no special abilities


You were on level 2 of the Dungeon.
You visited 1 branch of the dungeon, and saw 2 of its levels.

You collected 69 gold pieces.

Inventory:

Hand Weapons
 a - a +0 long sword (weapon)
Armour
 b - a +0 scale mail (worn)
 c - a +0 buckler (worn)
Jewellery
 e - a +6 ring of strength (left hand)
Scrolls
 f - a scroll of immolation {unknown}
 g - a scroll of noise {unknown}
 h - a scroll of identify {unknown}
 i - a scroll of fear {unknown}
Potions
 d - a potion of might
 j - a potion of ambrosia {unknown}


   Skills:
 + Level 3.1 Fighting
 + Level 2.8 Long Blades
 - Level 2.4 Armour
 - Level 2.4 Shields


You had 2 spell levels left.
You didn't know any spells.
Your spell library contained the following spells:

 Spells                   Type           Power      Damage    Failure   Level
 Summon Ice Beast         Ice/Summ       0%         N/A       100%        4
 Summon Mana Viper        Hex/Summ       0%         N/A       100%        5
 Monstrous Menagerie      Summ           0%         N/A       100%        7


Dungeon Overview and Level Annotations

Branches:
Dungeon (2/15)

Altars:

Annotations:
D:2 Natasha


Message History

The hobgoblin is heavily wounded.
You block the hobgoblin's attack.
You slash the hobgoblin!
You kill the hobgoblin!
Natasha casts a spell.
You barely miss Natasha. Natasha claws you.
You hit Natasha.
Natasha is moderately wounded.
Natasha claws you but does no damage.
The crimson imp disappears for a moment.
The crimson imp blinks!
You barely miss Natasha.
Natasha is moderately wounded.
Natasha claws you.
You barely miss Natasha.
Natasha is moderately wounded.
Natasha closely misses you. You block Natasha's attack.
You closely miss Natasha.
Natasha is moderately wounded.
Natasha casts a spell.
You hit Natasha.
Natasha is moderately wounded.
Natasha claws you. You block the white imp's attack.
You barely miss Natasha.
Natasha is moderately wounded.
The crimson imp blinks!
Natasha claws you but does no damage. The white imp hits you.
The white imp freezes you.
You slash Natasha!
Natasha is almost dead.
Natasha claws you but does no damage. The white imp barely misses you.
Natasha stares at you and mumbles some strange words.
The magic dart hits you.
Unknown command.
You closely miss Natasha.
Natasha is almost dead.
The white imp gestures at you. The puff of frost hits you.
* * * LOW HITPOINT WARNING * * *
Natasha claws you.
You die...

#.#......#####...#########.......
#............. #.......
....#...######## #....... .
#...'.....# #....... #...#####.#
#....... #.#.....# # #.......
#.......# ..# #......†
..#####5###....# #.......
.......$@h§.5..# #.......
.###########...# #....... +
#>...... .....### ..... # ... #


You could see Natasha, a crimson imp (summoned) and a white imp (summoned).

Vanquished Creatures
  A dart slug (D:1)
  3 bats (D:1)
  2 endoplasms
  5 giant cockroaches
  2 goblins
  5 hobgoblins
  5 jackals (D:1)
  A quokka (D:2)
  6 ball pythons
  3 frilled lizards (D:1)
  2 kobolds (D:1)
  2 rats
37 creatures vanquished.

Notes
Turn   | Place    | Note
-------+----------+-------------------------------------------
     0 | D:1      | sizableburger the Deep Elf Fighter began the quest for the
                  | Orb.
     0 | D:1      | Reached XP level 1. HP: 13/13 MP: 3/3
   307 | D:1      | Reached XP level 2. HP: 18/18 MP: 4/4
   825 | D:1      | Found a faded altar of an unknown god.
   832 | D:1      | Reached skill level 3 in Fighting
   995 | D:1      | Reached XP level 3. HP: 16/23 MP: 5/5
  1727 | D:2      | Noticed Natasha
  1741 | D:2      | Slain by Natasha

Illustrated notes

Levels and vault maps discovered:
D:1:      minmay_arrival_semitransparent, layout_rooms,
          hellmonk_ecumenical_altar_prayer_group, minmay_misc_feat_chi
D:2:      layout_basic, minmay_quantized, uniq_natasha, uniq_jessica

Skill      XL: |  1  2 |
---------------+-------+-----
Long Blades    | 2 |  2.8
Fighting       | 3 |  3.1
Armour         | |  2.4
Shields        | |  2.4

Action                   || total
-------------------------++-------
Melee: Long sword        ||   124
Armor: Scale mail        ||    82
Dodge: Dodged            ||    83
Block: Buckler           ||    44
